[Event "Titled Tuesday Blitz June 22 2021"]
[White "Guliev, Logman"]
[Black "Jarovinsky, Alexey"]
[WhiteFideId "13400061"]
[BlackFideId "14115131"]
[WhiteElo "2128"]
[BlackElo "2446"]
[Result "1-0"]
[Round "11"]
[TimeControl "180+1"]
[Date "2021.06.22"]
[WhiteClock "0:00:05"]
[BlackClock "0:00:01"]

1. e4 Nc6 2. d4 d5 3. e5 Bf5 4. c3 f6 5. f4 Qd7 6. Bd3 Nh6 7. Nf3 e6 8. O-O Be7 9. Kh1 O-O 10. Be3 fxe5 11. fxe5 Bxd3 12. Qxd3 Nf5 13. Nbd2 Nxe3 14. Qxe3 Qe8 15. Rf2 Qg6 16. Raf1 Rf5 17. Ng1 Bg5 18. Qe2 Raf8 19. Rxf5 Rxf5 20. Rxf5 Qxf5 21. Nf1 Ne7 22. Ng3 Qg6 23. Qg4 Bc1 24. Qe2 Nf5 25. Nxf5 Qxf5 26. h3 h5 27. b3 a6 28. Qf3 Qg5 29. c4 c6 30. cxd5 cxd5 31. Qc3 Kh7 32. Qc8 Qh6 33. Qxb7 Be3 34. Nf3 Bf2 35. Qc6 Qe3 36. Qc2+ Kh8 37. Qc8+ Kh7 38. Qc2+ g6 39. Qd2 Qxd2 40. Nxd2 Bxd4 41. Nf3 Bc3 42. Kg1 Kh6 43. Kf2 g5 44. g4 hxg4 45. hxg4 Kg6 46. Ke2 1-0


[Site "https://www.chess.com"]

[Event "Titled Tuesday Blitz June 22 2021"]
[White "Gurvich, Vitaly"]
[Black "Kosteniuk, Alexandra"]
[WhiteFideId "24164852"]
[BlackFideId "4128125"]
[WhiteElo "2252"]
[BlackElo "2521"]
[Result "1-0"]
[Round "11"]
[TimeControl "180+1"]
[Date "2021.06.22"]
[WhiteClock "0:00:02"]
[BlackClock "0:00:03"]

1. e4 c6 2. d4 d5 3. exd5 cxd5 4. Bd3 Nc6 5. c3 Nf6 6. h3 g6 7. Nf3 Bf5 8. O-O Qc7 9. Re1 Bxd3 10. Qxd3 Bg7 11. Nbd2 O-O 12. b3 Rad8 13. Bb2 Rfe8 14. Rad1 e6 15. Qb1 Ne7 16. Ne5 Nf5 17. Ndf3 Nd6 18. Nd3 Nfe4 19. Rc1 b5 20. Ba3 f6 21. Bc5 a5 22. Qc2 Rc8 23. a4 bxa4 24. bxa4 Nc4 25. Qa2 Rb8 26. Rxe4 dxe4 27. Qxc4 exd3 28. Qxd3 Qc6 29. Ra1 Red8 30. Qe3 Qd5 31. Qe2 e5 32. Qa6 Ra8 33. Qe2 exd4 34. Bxd4 Re8 35. Qd3 Rab8 36. Qa6 Re6 37. Qd3 Rbe8 38. Rb1 Qd6 39. Qd2 Qa3 40. Qc2 f5 41. Bxg7 Kxg7 42. h4 Qc5 43. c4 Re2 44. Qc3+ Kg8 45. Rf1 R2e4 46. Ng5 Rxc4 47. Qf6 Qe7 48. Qa6 Qc5 49. Qb7 Re7 50. Qb8+ Qc8 51. Qb3 Kg7 52. Qb2+ Rc3 53. h5 Rb7 54. h6+ Kxh6 55. Qd2 Kg7 56. Qd4+ Kg8 57. Qd5+ Kg7 58. Qe5+ Kg8 59. Qd5+ Kg7 60. Qe5+ Kh6 61. Qf4 Rc4 62. Qd2 f4 63. Nf3 Kg7 64. Re1 Rd7 65. Qe2 Kg8 66. Qe6+ Kg7 67. Ne5 Rdc7 68. Qd6 Rc1 69. Rxc1 Rxc1+ 70. Kh2 Rc7 71. Qd4 Kh6 72. Nf3 g5 73. Qf6+ Kh5 74. Qxg5# 1-0


[Site "https://www.chess.com"]

[Event "Titled Tuesday Blitz June 22 2021"]
[White "Hansen, Eric"]
[Black "Indjic, Aleksandar"]
[WhiteFideId "2606771"]
[BlackFideId "911925"]
[WhiteElo "2568"]
[BlackElo "2643"]
[Result "0-1"]
[Round "11"]
[TimeControl "180+1"]
[Date "2021.06.22"]
[WhiteClock "0:00:01"]
[BlackClock "0:00:07"]

1. e4 e5 2. Nf3 Nf6 3. Nxe5 d6 4. Nf3 Nxe4 5. Nc3 Nf6 6. d4 Be7 7. Bd3 O-O 8. h3 b6 9. O-O Bb7 10. Re1 Nbd7 11. a4 a6 12. Bg5 Re8 13. Nh4 h6 14. Bd2 Bf8 15. Rxe8 Qxe8 16. Nf5 c5 17. Qf1 cxd4 18. Re1 Ne5 19. Nxd4 Qd8 20. Be2 Qc7 21. Rd1 d5 22. Bf4 Nf3+ 23. Bxf3 Qxf4 24. Qd3 Re8 25. g3 Qe5 26. Kg2 Bc5 27. Nb3 Rd8 28. a5 Qc7 29. Na4 Rc8 30. axb6 Bxb6 31. Nxb6 Qxb6 32. Qd4 Qb5 33. Rd2 Re8 34. Qc5 Qd7 35. Qb4 Ba8 36. Nd4 Qc7 37. b3 Rb8 38. Qa4 Qb6 39. Qa3 Re8 40. Qa4 Re1 41. Rd1 Re7 42. Qa3 Re8 43. Qa1 g6 44. Qc3 h5 45. h4 Bb7 46. Qd3 Ne4 47. Ra1 Rc8 48. Rd1 Rc3 49. Qe2 a5 50. Bxe4 dxe4 51. Kg1 e3 52. f3 Qc7 53. Qe1 Qc5 54. Kh2 Kg7 0-1


[Site "https://www.chess.com"]

[Event "Titled Tuesday Blitz June 22 2021"]
[White "Hess, Robert"]
[Black "Matinian, Nikita"]
[WhiteFideId "2022036"]
[BlackFideId "24129100"]
[WhiteElo "2557"]
[BlackElo "2410"]
[Result "1-0"]
[Round "11"]
[TimeControl "180+1"]
[Date "2021.06.22"]
[WhiteClock "0:00:11"]
[BlackClock "0:00:01"]

1. e4 d6 2. Nc3 g6 3. d4 Bg7 4. Bg5 h6 5. Bh4 g5 6. Bg3 Nc6 7. Nge2 f5 8. d5 Ne5 9. exf5 Bxf5 10. Nd4 Bd7 11. h4 Nf6 12. hxg5 hxg5 13. Rxh8+ Bxh8 14. Bxe5 dxe5 15. Nf3 Bg4 16. Qd3 Bxf3 17. Qxf3 Qd6 18. Bb5+ Kf8 19. O-O-O g4 20. Qf5 Bg7 21. Bd3 Qd7 22. Qxe5 Qd6 23. Qg5 Qb6 24. f3 Rd8 25. fxg4 Nd7 26. Qf5+ Qf6 27. Qe6 Qxe6 28. dxe6 Nc5 29. Rf1+ Kg8 30. Bg6 Bh6+ 31. Kb1 Kg7 32. Bh5 Nxe6 33. Rf7+ Kg8 34. Rxe7 Rd6 35. Bf7+ Kf8 36. Rxe6 Kxf7 37. Rxd6 cxd6 38. Nb5 d5 39. Nxa7 Kg6 40. Nb5 Kg5 41. Nc7 d4 42. Ne6+ Kxg4 43. Nxd4 Be3 44. Nb3 Kg3 45. Na5 b6 46. Nc4 Bg1 47. c3 Kxg2 48. Kc2 Kf3 49. Kd3 Kf4 50. b4 Kf5 51. a4 Ke6 52. Ke4 Bf2 53. Ne3 Be1 54. Kd4 Kd6 55. Kc4 Kc6 56. Nc2 Bd2 57. Nd4+ Kb7 58. Nb5 Be1 59. Kd5 Bd2 60. Kd6 Be1 61. Kd5 Bd2 62. Kc4 Be1 63. Nd6+ Kc6 64. Ne4 Kc7 65. Nf6 Kb7 66. Nd5 Kc6 67. Ne3 Kb7 68. Nc2 Bd2 69. Kd3 Bg5 70. c4 Be7 71. Kc3 Bf6+ 72. Kb3 Be5 73. Ne1 Bg3 74. Nd3 Kc6 75. c5 bxc5 76. Nxc5 Be1 77. Kc4 Bf2 78. Nd3 Be3 79. a5 Bd2 80. Ne5+ Kb7 81. Kb5 Ka7 82. Nc6+ Ka8 83. Ka6 Be3 84. b5 Bb6 85. Ne5 Bd4 86. Nc4 Kb8 87. b6 Bg1 88. Kb5 Kb7 89. a6+ Ka8 90. Kc6 Kb8 91. Ne5 Bd4 92. Nd7+ Ka8 93. b7+ 1-0


[Site "https://www.chess.com"]

[Event "Titled Tuesday Blitz June 22 2021"]
[White "Holt, Conrad"]
[Black "Quparadze, Giga"]
[WhiteFideId "2034387"]
[BlackFideId "13602250"]
[WhiteElo "2586"]
[BlackElo "2658"]
[Result "1-0"]
[Round "11"]
[TimeControl "180+1"]
[Date "2021.06.22"]
[WhiteClock "0:02:17"]
[BlackClock "0:01:12"]

1. d4 Nf6 2. c4 e6 3. Nc3 Bb4 4. Qc2 d6 5. Bd2 O-O 6. a3 Bxc3 7. Bxc3 b6 8. e4 Bb7 9. Bd3 Nbd7 10. Ne2 e5 11. O-O Re8 12. Ng3 exd4 13. Bxd4 Ne5 14. Rae1 h5 15. f4 Nxd3 16. Qxd3 h4 17. Nf5 g6 18. Nh6+ Kf8 19. e5 Ng8 20. Nxf7 Kxf7 21. e6+ Rxe6 22. Rxe6 Kxe6 23. Qxg6+ Kd7 24. Qf5+ Kc6 25. Qb5# 1-0


[Site "https://www.chess.com"]

[Event "Titled Tuesday Blitz June 22 2021"]
[White "Howell, David W L"]
[Black "Lazavik, Denis"]
[WhiteFideId "410608"]
[BlackFideId "13515110"]
[WhiteElo "2643"]
[BlackElo "2436"]
[Result "1-0"]
[Round "11"]
[TimeControl "180+1"]
[Date "2021.06.22"]
[WhiteClock "0:00:37"]
[BlackClock "0:00:03"]

1. e4 e5 2. Nc3 Nf6 3. Nf3 Nc6 4. g3 d5 5. exd5 Nxd5 6. Bg2 Nxc3 7. bxc3 Bc5 8. O-O O-O 9. d3 h6 10. Re1 Qf6 11. Be3 Bb6 12. Nd2 Qg6 13. Nc4 Re8 14. a4 Bg4 15. Qd2 Rad8 16. a5 Bxe3 17. Rxe3 Qe6 18. Qe1 f6 19. Nd2 Ne7 20. Bxb7 Nd5 21. Bxd5 Qxd5 22. f3 Be6 23. Qf2 Rb8 24. Ree1 Qc6 25. c4 Rb2 26. Nb3 Rb8 27. Nc5 Bf5 28. Na4 R2b4 29. Nc3 Be6 30. Qxa7 Qxf3 31. Qf2 Qc6 32. Qg2 Qc5+ 33. Qf2 Qc6 34. Qg2 Qc5+ 35. Qf2 Qd6 36. a6 Ra8 37. a7 c6 38. Reb1 c5 39. Rxb4 cxb4 40. Nb5 Qc6 41. Qg2 Bd7 42. Qxc6 Bxc6 43. Nc7 Rc8 44. a8=Q Bxa8 45. Rxa8 1-0


[Site "https://www.chess.com"]

[Event "Titled Tuesday Blitz June 22 2021"]
[White "Iskusnyh, Sergei"]
[Black "Narayanan, Srinath"]
[WhiteFideId "4120027"]
[BlackFideId "5018420"]
[WhiteElo "2492"]
[BlackElo "2472"]
[Result "0-1"]
[Round "11"]
[TimeControl "180+1"]
[Date "2021.06.22"]
[WhiteClock "0:00:08"]
[BlackClock "0:00:06"]

1. d4 f5 2. c4 Nf6 3. Nf3 g6 4. e3 Bg7 5. Be2 O-O 6. O-O d6 7. Nc3 Nbd7 8. b4 a5 9. b5 e5 10. dxe5 Nxe5 11. Nxe5 dxe5 12. Ba3 Re8 13. Qxd8 Rxd8 14. Nd5 Nxd5 15. cxd5 e4 16. Rab1 b6 17. Rfc1 Be5 18. Bb2 Bd6 19. Bd4 a4 20. Bc4 Kf7 21. Rc2 Ke7 22. Rbc1 Bb7 23. g3 Rac8 24. h4 Ba3 25. Rb1 Bd6 26. Rbc1 Ra8 27. Kg2 Ra7 28. Rb1 Ke8 29. Rbc1 Rd7 30. Rh1 h5 31. Rhc1 Ba3 32. Rb1 Bxd5 33. Bxd5 Rxd5 34. Rc6 Bd6 35. Rbc1 Kd7 36. Rb1 Ra5 37. Rc4 a3 38. f3 Rdxb5 39. Rd1 Rd5 40. fxe4 fxe4 41. Rf1 Rab5 42. Rf7+ Ke8 43. Rg7 Rb2+ 44. Kh3 Rxa2 45. Bf6 Rf2 46. Rxe4+ Kf8 47. Bc3 Rd1 48. Rg4 Rh1# 0-1


[Site "https://www.chess.com"]

[Event "Titled Tuesday Blitz June 22 2021"]
[White "Izoria, Zviad"]
[Black "Shevchenko, Kirill"]
[WhiteFideId "13601733"]
[BlackFideId "14129574"]
[WhiteElo "2626"]
[BlackElo "2569"]
[Result "1-0"]
[Round "11"]
[TimeControl "180+1"]
[Date "2021.06.22"]
[WhiteClock "0:00:12"]
[BlackClock "0:00:02"]

1. Nf3 Nf6 2. c4 g6 3. Nc3 Bg7 4. g3 O-O 5. Bg2 Nc6 6. d4 d5 7. cxd5 Nxd5 8. O-O Nb6 9. d5 Na5 10. Qc2 c6 11. dxc6 Nxc6 12. Rd1 Qe8 13. Be3 Bf5 14. Qc1 Rd8 15. Rxd8 Qxd8 16. Bh6 Nd4 17. Bxg7 Kxg7 18. Qf4 Nc6 19. Ne5 Qd4 20. Bxc6 Qxf4 21. gxf4 bxc6 22. Nxc6 Bd7 23. Nxa7 Nc4 24. b3 Nd6 25. a4 Ra8 26. Nd5 Rxa7 27. Nxe7 Ne4 28. Rc1 Bxa4 29. Nc8 Ra6 30. bxa4 Rxa4 31. Rc2 h5 32. Kg2 Ra3 33. Nb6 h4 34. h3 Nf6 35. Nc4 Ra4 36. e3 Nd5 37. Ne5 Ra3 38. Rd2 Nc3 39. Rd3 Nb1 40. Rd7 Ra2 41. Rxf7+ Kg8 42. Rf6 Nc3 43. Rxg6+ Kh7 44. Kf3 Nd1 45. Rg2 Nc3 46. Ng4 Nb1 47. Nf6+ Kh6 48. Ne4 Ra4 49. Rg4 Kh5 50. Nf6+ Kh6 51. Rxh4+ Kg6 52. Ne4 Na3 53. f5+ Kg7 54. Rg4+ Kf8 55. Ng3 Nc4 56. Kg2 Rb4 57. Rd4 Ke7 58. Kh2 Kf6 59. h4 Ke5 60. h5 Rb2 61. Rxc4 Rxf2+ 62. Kh3 Rb2 63. Re4+ Kf6 64. Rg4 Rb7 65. Rg6+ Ke5 66. Re6+ Kd5 67. Kg4 Rg7+ 68. Kf4 Rh7 69. Ne4 Kc4 70. Nf6 Rh6 71. e4 Kd4 72. Kg5 Rh8 73. h6 Ke3 74. h7 Kf3 75. Re8 Rxh7 76. Nxh7 1-0


[Site "https://www.chess.com"]

[Event "Titled Tuesday Blitz June 22 2021"]
[White "Kabanov, Nikolai"]
[Black "Babiy, Olga"]
[WhiteFideId "4127820"]
[BlackFideId "14117258"]
[WhiteElo "2376"]
[BlackElo "2213"]
[Result "1-0"]
[Round "11"]
[TimeControl "180+1"]
[Date "2021.06.22"]
[WhiteClock "0:00:08"]
[BlackClock "0:00:09"]

1. e4 d6 2. d4 Nf6 3. f3 c6 4. c4 e5 5. d5 Be7 6. Be3 O-O 7. Qd2 a6 8. Ne2 b5 9. Ng3 Qc7 10. Nc3 b4 11. Nd1 Re8 12. Qxb4 c5 13. Qd2 Nbd7 14. Bd3 a5 15. Nc3 a4 16. Nf5 Bf8 17. Nb5 Qb6 18. O-O g6 19. Nh6+ Kg7 20. g4 Ba6 21. Kh1 Be7 22. Qg2 Rf8 23. Rg1 Kh8 24. Raf1 Rac8 25. f4 exf4 26. Bxf4 Bxb5 27. cxb5 c4 28. Bc2 Qxb5 29. Bc1 Ne5 30. g5 Nh5 31. Ng4 Nd3 32. Be3 Qxb2 33. Bxd3 Qxg2+ 34. Rxg2 cxd3 35. Bd4+ f6 36. gxf6 Bxf6 37. Nxf6 Nxf6 38. Rxf6 Rc1+ 39. Rf1+ Kg8 40. Rxc1 Rf4 41. Rd2 Rxe4 42. Rxd3 1-0


[Site "https://www.chess.com"]

[Event "Titled Tuesday Blitz June 22 2021"]
[White "Karttunen, Mika"]
[Black "Chyzy, Jakub"]
[WhiteFideId "502081"]
[BlackFideId "21806209"]
[WhiteElo "2343"]
[BlackElo "2013"]
[Result "0-1"]
[Round "11"]
[TimeControl "180+1"]
[Date "2021.06.22"]
[WhiteClock "0:00:33"]
[BlackClock "0:00:12"]

1. e4 Nf6 2. e5 Nd5 3. d4 d6 4. exd6 exd6 5. c4 Nb6 6. Nc3 Be7 7. Be3 O-O 8. Qd2 Bf6 9. Rc1 Nc6 10. h3 Re8 11. Nf3 Bf5 12. Be2 d5 13. b3 dxc4 14. bxc4 Qd7 15. O-O Rad8 16. Rfd1 Na5 17. Ne4 Rxe4 18. Qxa5 Bxh3 19. Ne5 Qf5 20. gxh3 Qxh3 21. Bf1 Qh5 22. Bg2 Rxe5 23. dxe5 Rxd1+ 24. Rxd1 Qxd1+ 25. Bf1 Nxc4 26. Qxc7 Nxe3 27. Qc8+ Qd8 28. Qxd8+ Bxd8 29. fxe3 Bc7 30. Bg2 b6 31. e6 fxe6 32. Kf2 Kf7 33. Kf3 Bd6 34. Bf1 Kf6 35. Bd3 h5 36. Bb5 g5 37. Ke4 g4 38. Be8 Kg5 39. Bd7 h4 40. Bxe6 h3 41. Bd5 g3 42. Kf3 g2 43. Kf2 Bh2 44. Bxg2 hxg2 45. Kxg2 Bd6 46. Kf3 Kf5 47. Ke2 Ke5 48. Kd2 Bc5 49. Kd3 b5 50. Kc3 a5 51. Kb3 Bxe3 52. a4 b4 0-1


[Site "https://www.chess.com"]

[Event "Titled Tuesday Blitz June 22 2021"]
[White "Khubukshanov, Erdem"]
[Black "Sarana, Alexey"]
[WhiteFideId "54114527"]
[BlackFideId "24133795"]
[WhiteElo "2222"]
[BlackElo "2629"]
[Result "0-1"]
[Round "11"]
[TimeControl "180+1"]
[Date "2021.06.22"]
[WhiteClock "0:00:03"]
[BlackClock "0:00:31"]

1. e4 c5 2. Nf3 d6 3. Bb5+ Bd7 4. Bxd7+ Nxd7 5. O-O e6 6. Qe2 Be7 7. d4 cxd4 8. Nxd4 Rc8 9. c4 a6 10. b3 Bf6 11. Bb2 Ne7 12. Rd1 O-O 13. Nc3 Qa5 14. a3 Rfd8 15. b4 Qc7 16. Rac1 Qxc4 17. Qe3 e5 18. Nf3 Qb3 19. Rb1 Rc6 20. Nd2 Qe6 21. Nf1 Nb6 22. Qf3 Nc4 23. Bc1 b5 24. Nd5 Rcc8 25. Nfe3 Nxe3 26. Bxe3 Nxd5 27. Rxd5 Be7 28. Qe2 Rc4 29. f3 Rdc8 30. Rbd1 Rc2 31. R1d2 Rxd2 32. Qxd2 Rc6 33. Qd3 Qc8 34. g3 h5 35. Kg2 h4 36. g4 Rc2+ 37. Kh3 Rc3 38. Qd2 Rxa3 39. f4 exf4 0-1


[Site "https://www.chess.com"]

[Event "Titled Tuesday Blitz June 22 2021"]
[White "Kim, Sergey"]
[Black "Starozhilov, Leonid"]
[WhiteFideId "13700570"]
[BlackFideId "14106752"]
[WhiteElo "2528"]
[BlackElo "2414"]
[Result "0-1"]
[Round "11"]
[TimeControl "180+1"]
[Date "2021.06.22"]
[WhiteClock "0:00:12"]
[BlackClock "0:00:04"]

1. d4 Nf6 2. c4 g6 3. Nc3 Bg7 4. e4 d6 5. Nge2 h5 6. h4 Nc6 7. d5 Ne5 8. Ng3 c6 9. Be2 Bd7 10. Bg5 Qb6 11. Qd2 Rc8 12. O-O cxd5 13. Nxd5 Nxd5 14. cxd5 Bf6 15. Bxf6 exf6 16. Rac1 Rxc1 17. Rxc1 Ke7 18. Nf1 Rc8 19. Rxc8 Bxc8 20. Ne3 Bd7 21. b3 Be8 22. f4 Nd7 23. Kh2 Nc5 24. Bd3 Bb5 25. Bc2 Ba6 26. Qc3 Nd7 27. Qd2 Qc7 28. Bd3 Bxd3 29. Qxd3 a6 30. a4 Qc1 31. Qd4 Qe1 32. g3 Qf2+ 33. Kh3 Qf3 34. e5 Qh1# 0-1


[Site "https://www.chess.com"]

[Event "Titled Tuesday Blitz June 22 2021"]
[White "Kislov, Oleg"]
[Black "Pacheco Lugo, Alejandro Jose"]
[WhiteFideId "13503774"]
[BlackFideId "3903745"]
[WhiteElo "2252"]
[BlackElo "2125"]
[Result "1/2-1/2"]
[Round "11"]
[TimeControl "180+1"]
[Date "2021.06.22"]
[WhiteClock "0:00:28"]
[BlackClock "0:01:03"]

1. e4 c5 2. Nf3 d6 3. c3 Nf6 4. Be2 Bg4 5. O-O Nc6 6. h3 Bh5 7. d4 cxd4 8. cxd4 e6 9. d5 exd5 10. exd5 Bxf3 11. Bxf3 Ne5 12. Be2 Be7 13. Bb5+ Ned7 14. Nc3 O-O 15. Bf4 a6 16. Bd3 Re8 17. Rc1 Rc8 18. Bb1 Qb6 19. b3 Bf8 20. Be3 Qa5 21. Qd4 g6 22. Bd2 Qb6 23. Be3 Qa5 24. Bd2 Bg7 25. Rfe1 Qc5 26. Qxc5 Nxc5 27. Rxe8+ Rxe8 28. Re1 Rxe1+ 29. Bxe1 1/2-1/2


[Site "https://www.chess.com"]

[Event "Titled Tuesday Blitz June 22 2021"]
[White "Kollars, Dmitrij"]
[Black "Srihari L R"]
[WhiteFideId "12909572"]
[BlackFideId "46617116"]
[WhiteElo "2576"]
[BlackElo "2121"]
[Result "1-0"]
[Round "11"]
[TimeControl "180+1"]
[Date "2021.06.22"]
[WhiteClock "0:01:27"]
[BlackClock "0:00:26"]

1. Nf3 d5 2. d4 Nf6 3. Bf4 Bf5 4. e3 e6 5. c4 Bxb1 6. Qxb1 Bb4+ 7. Kd1 O-O 8. c5 c6 9. Bd3 Ba5 10. Ke2 Bc7 11. Re1 Nbd7 12. Kf1 h6 13. b4 b5 14. a4 Bxf4 15. exf4 a6 16. g3 Re8 17. Kg2 Qc7 18. Re2 Nh5 19. Ra3 f5 20. Qe1 Nf8 21. Bxf5 Qf7 22. Bh3 Qg6 23. Ne5 Qh7 24. Nxc6 bxa4 25. Bxe6+ Nxe6 26. Rxe6 Nf6 27. f5 Kh8 28. Ne7 Ne4 29. Ng6+ Kg8 30. Rxe8+ Rxe8 31. f3 Nf6 32. Re3 Rxe3 33. Qxe3 1-0


[Site "https://www.chess.com"]

[Event "Titled Tuesday Blitz June 22 2021"]
[White "Korchmar, Vasiliy"]
[Black "Blit, Jacques"]
[WhiteFideId "24131750"]
[BlackFideId "114839"]
[WhiteElo "2370"]
[BlackElo "2390"]
[Result "1-0"]
[Round "11"]
[TimeControl "180+1"]
[Date "2021.06.22"]
[WhiteClock "0:00:03"]
[BlackClock "0:00:01"]

1. e4 c5 2. Nf3 a6 3. c4 d6 4. d4 cxd4 5. Nxd4 Nf6 6. Nc3 b6 7. Be2 Bb7 8. f3 e6 9. O-O Be7 10. Be3 O-O 11. Kh1 Qc7 12. Rc1 Nbd7 13. Qd2 Rac8 14. Rfd1 Qb8 15. Bf1 Bd8 16. Bg1 Bc7 17. b4 Kh8 18. Nb3 Rg8 19. a4 g5 20. a5 bxa5 21. Nxa5 Ba8 22. Nb3 Rg6 23. b5 d5 24. cxd5 Bf4 25. Qb2 axb5 26. dxe6 fxe6 27. Rc2 Ne5 28. Nxb5 Rxc2 29. Qxc2 Rh6 30. Qc7 Qxc7 31. Nxc7 Nxf3 32. gxf3 Bxc7 33. Nc5 g4 34. Nxe6 gxf3 35. Nxc7 Nxe4 36. Rd8+ Kg7 37. Bd4+ Kf7 38. Rxa8 Rc6 39. Nd5 Rd6 40. Ra7+ 1-0


[Site "https://www.chess.com"]

[Event "Titled Tuesday Blitz June 22 2021"]
[White "Kovalev, Vladislav"]
[Black "Maly, Alexey"]
[WhiteFideId "13504398"]
[BlackFideId "14103184"]
[WhiteElo "2573"]
[BlackElo "2285"]
[Result "1-0"]
[Round "11"]
[TimeControl "180+1"]
[Date "2021.06.22"]
[WhiteClock "0:00:43"]
[BlackClock "0:00:04"]

1. e4 c6 2. Nf3 d5 3. Nc3 Bg4 4. h3 Bxf3 5. Qxf3 e6 6. Be2 dxe4 7. Nxe4 Nd7 8. d4 Ngf6 9. O-O Nxe4 10. Qxe4 Nf6 11. Qd3 Be7 12. a4 a5 13. c3 O-O 14. Re1 Qb6 15. Qf3 Rad8 16. Bc4 Nd5 17. g3 Rd7 18. Kg2 Rfd8 19. h4 Bf6 20. Re2 Be7 21. Bg5 h6 22. Bc1 Bf8 23. Bd3 Qc7 24. Bc2 Bd6 25. Qd3 Nf6 26. Bd2 c5 27. Qf3 Be7 28. Be3 Nd5 29. Kh3 cxd4 30. Bxd4 Bf6 31. Qe4 Bxd4 32. Qh7+ Kf8 33. cxd4 Nf6 34. Qh8+ Ke7 35. Qxg7 Rxd4 36. Rae1 R8d6 37. Bg6 Ke8 38. Qxf6 Qc6 39. Rxe6+ Rxe6 40. Rxe6+ Qxe6+ 41. Qxe6+ Kd8 42. Qf6+ 1-0


[Site "https://www.chess.com"]

[Event "Titled Tuesday Blitz June 22 2021"]
[White "Kretov, Evgenij"]
[Black "Najdin, Danil"]
[WhiteFideId "4167821"]
[BlackFideId "4172426"]
[WhiteElo "2400"]
[BlackElo "2193"]
[Result "0-1"]
[Round "11"]
[TimeControl "180+1"]
[Date "2021.06.22"]
[WhiteClock "0:00:40"]
[BlackClock "0:00:36"]

1. d4 Nf6 2. c4 g6 3. Nc3 Bg7 4. e4 d6 5. Be2 O-O 6. Bg5 Na6 7. Qd2 e5 8. d5 Nc5 9. f3 a5 10. O-O-O Bd7 11. g4 a4 12. h4 c6 13. dxc6 bxc6 14. Qxd6 Qa5 15. Bd2 a3 16. b3 Nxb3+ 17. axb3 a2 18. Kc2 a1=Q 19. Rxa1 Qxa1 20. g5 Nh5 21. Qxd7 Ng3 22. Rh3 Qxg1 23. Bd3 Rfd8 24. Rxg3 Qxg3 25. Qxc6 Qxf3 26. Nd5 Ra2+ 27. Kc3 Qf2 28. Be3 Qe1+ 0-1


[Site "https://www.chess.com"]

[Event "Titled Tuesday Blitz June 22 2021"]
[White "Kubatko, Ivan"]
[Black "Viskelis, Darius"]
[WhiteFideId "24111473"]
[BlackFideId "12800830"]
[WhiteElo "2285"]
[BlackElo "2006"]
[Result "1-0"]
[Round "11"]
[TimeControl "180+1"]
[Date "2021.06.22"]
[WhiteClock "0:00:16"]
[BlackClock "0:00:03"]

1. e4 e5 2. Nf3 Nc6 3. Nc3 Nf6 4. g3 Bc5 5. Bg2 O-O 6. O-O d6 7. h3 a6 8. d3 Ne7 9. d4 exd4 10. Nxd4 Nc6 11. Be3 Nxd4 12. Bxd4 Bxd4 13. Qxd4 Re8 14. f4 Nd7 15. Rad1 Nc5 16. e5 Ne6 17. Qf2 c5 18. Ne4 Qa5 19. Nxd6 Rd8 20. f5 Nd4 21. c3 Nc6 22. f6 Be6 23. Nxb7 Qxa2 24. Nxd8 Rxd8 25. Bxc6 Rc8 26. Bd7 Rb8 27. Bxe6 Qxe6 28. Rd6 Qxh3 29. Rfd1 h5 30. Rd8+ Rxd8 31. Rxd8+ Kh7 32. fxg7 1-0


[Site "https://www.chess.com"]

[Event "Titled Tuesday Blitz June 22 2021"]
[White "LEGENYA1998"]
[Black "Vlassov, Nikolai"]
[BlackFideId "4103360"]
[WhiteElo "2405"]
[BlackElo "2407"]
[Result "0-1"]
[Round "11"]
[TimeControl "180+1"]
[Date "2021.06.22"]
[WhiteClock "0:00:01"]
[BlackClock "0:00:17"]

1. e4 c5 2. Nf3 d6 3. d4 cxd4 4. Nxd4 Nf6 5. Nc3 g6 6. Be3 Bg7 7. f3 a6 8. Qd2 h5 9. Bc4 b5 10. Bb3 Bb7 11. a4 b4 12. Na2 a5 13. c3 bxc3 14. Nxc3 Na6 15. O-O Nb4 16. Rad1 O-O 17. Bh6 Qb6 18. Kh1 Rad8 19. Qg5 d5 20. Bxg7 Kxg7 21. Nf5+ Kg8 22. Nxe7+ Kh7 23. Nexd5 Nbxd5 24. Nxd5 Nxd5 25. Bxd5 Bxd5 26. Rxd5 Rxd5 27. Qxd5 Qxb2 28. Qxa5 Rc8 29. Qd5 Kg7 30. f4 Rc1 31. Rg1 Qa1 32. Qe5+ Qxe5 33. fxe5 Rc4 34. Re1 Rxa4 35. Kg1 Ra5 36. Kf2 Rxe5 37. Re3 Kf6 38. Kf3 Ra5 39. Rd3 Ke5 40. Ke3 h4 41. g3 h3 42. Kf3 Ra2 43. Rd5+ Ke6 44. g4 Rxh2 45. Kg3 Rh1 46. Rd8 Kf6 47. Re8 h2 48. Rf8 Rg1+ 49. Kxh2 Rxg4 50. e5+ Ke7 51. Ra8 Re4 52. Ra7+ Ke6 0-1


[Site "https://www.chess.com"]

[Event "Titled Tuesday Blitz June 22 2021"]
[White "Levin, Guy"]
[Black "Shipov, Sergei"]
[WhiteFideId "2824213"]
[BlackFideId "4113624"]
[WhiteElo "1972"]
[BlackElo "2779"]
[Result "0-1"]
[Round "11"]
[TimeControl "180+1"]
[Date "2021.06.22"]
[WhiteClock "0:00:59"]
[BlackClock "0:01:46"]

1. c4 Nf6 2. Nf3 c5 3. d4 cxd4 4. Nxd4 a6 5. Nc3 e6 6. g3 Qc7 7. Qd3 Nc6 8. Nxc6 dxc6 9. Bg2 e5 10. O-O Be7 11. Bg5 O-O 12. Qc2 Be6 13. b3 h6 14. Bxf6 Bxf6 15. Rfd1 Rad8 16. Be4 g6 17. Na4 Bg7 18. Nc5 Bc8 19. Rxd8 Rxd8 20. Rd1 f5 21. Bg2 e4 22. e3 Bf8 23. Na4 b5 24. cxb5 Rxd1+ 25. Qxd1 cxb5 26. Nb2 Be6 27. Qd2 Qd6 28. Qc2 Qc5 29. Qd2 Qb4 30. Qc1 Qa3 31. Qb1 Bg7 32. Nd1 Qb4 33. Bf1 Qd2 34. a4 Bd7 35. axb5 axb5 36. b4 Kh7 37. Qb3 Bc6 38. Qe6 Bd5 0-1


[Site "https://www.chess.com"]

[Event "Titled Tuesday Blitz June 22 2021"]
[White "Makhnev, Denis"]
[Black "Nozdrachev, Leonid"]
[WhiteFideId "13707647"]
[BlackFideId "24113433"]
[WhiteElo "2549"]
[BlackElo "2221"]
[Result "1-0"]
[Round "11"]
[TimeControl "180+1"]
[Date "2021.06.22"]
[WhiteClock "0:00:17"]
[BlackClock "0:00:02"]

1. Nf3 Nf6 2. c4 e6 3. g3 d5 4. Bg2 Be7 5. O-O O-O 6. d4 dxc4 7. Ne5 c5 8. dxc5 Qc7 9. Nxc4 Rd8 10. Qc2 Nc6 11. Bf4 e5 12. Be3 Nd4 13. Bxd4 Rxd4 14. b4 Bf5 15. Qxf5 Rxc4 16. a3 a5 17. Nd2 Rc3 18. Ne4 Nxe4 19. Qxe4 Rb8 20. Rfd1 g6 21. Rd5 Bf6 22. Rad1 Rxa3 23. b5 Rc3 24. c6 bxc6 25. Rd7 cxb5 26. Rxc7 Rxc7 27. f4 Rc4 28. Qf3 e4 29. Qa3 a4 30. Kf2 Bd4+ 31. e3 Bc5 32. Qb2 a3 33. Qe5 Rc2+ 34. Kf1 Rf8 35. Bxe4 Rc4 36. Bd5 Rc2 37. Bb3 Rxh2 38. Qxc5 Rb2 39. Qxb5 a2 40. Bxf7+ Rxf7 41. Qxb2 Rf8 42. Qxa2+ Kg7 43. Rd7+ Rf7 44. Qxf7+ Kh6 45. Qxh7# 1-0


[Site "https://www.chess.com"]

[Event "Titled Tuesday Blitz June 22 2021"]
[White "Maksimovic, Bojan"]
[Black "Karthikeyan, Murali"]
[WhiteFideId "14408120"]
[BlackFideId "5074452"]
[WhiteElo "2437"]
[BlackElo "2564"]
[Result "1-0"]
[Round "11"]
[TimeControl "180+1"]
[Date "2021.06.22"]
[WhiteClock "0:00:18"]
[BlackClock "0:00:02"]

1. e4 e5 2. Nf3 Nc6 3. Bb5 a6 4. Ba4 Nf6 5. O-O d6 6. Re1 Bd7 7. c3 g6 8. d4 Bg7 9. d5 Ne7 10. Bxd7+ Qxd7 11. c4 h6 12. Nc3 O-O 13. b3 Nh7 14. Bb2 f5 15. Rc1 f4 16. c5 g5 17. h3 Ng6 18. c6 Qf7 19. cxb7 Rab8 20. Nh2 Rxb7 21. Qg4 Re8 22. Rc2 Nf6 23. Qe2 h5 24. Qxa6 Rb6 25. Qe2 Qd7 26. f3 Kh7 27. Rec1 Rb7 28. Nd1 Rg8 29. Nf2 Bh6 30. Bc3 Rg7 31. Ba5 Qc8 32. Be1 Nh4 33. Kh1 Qd7 34. b4 Qc8 35. a4 Qb8 36. a5 Ra7 37. a6 Qc8 38. b5 Qb8 39. Ba5 1-0


[Site "https://www.chess.com"]